 Dungeon Crawl Stone Soup version 0.19-a0-414-g76fec5b (webtiles) character file.

401 Kidiri the Firebug (level 6, -6/33 HPs)
             Began as a Deep Elf Fire Elementalist on May 31, 2016.
             Killed from afar by a centaur (22 damage)
             ... with an exploding inner flame
             ... hexed by the player character
             ... on level 5 of the Dungeon.
             The game lasted 00:13:12 (4604 turns).

Kidiri the Firebug (Deep Elf Fire Elementalist)     Turns: 4604, Time: 00:13:13

Health: -6/33      AC:  6    Str:  5    XL:     6   Next: 54%
Magic:  10/15      EV: 13    Int: 22    God:
Gold:   178        SH:  4    Dex: 15    Spells: 5 memorised, 2 levels left

rFire  . . .     SeeInvis .     r - +3 whip
rCold  . . .     Gourm    .     a - +1 robe
rNeg   . . .     Faith    .     (no shield)
rPois  .         Spirit   .     (no helmet)
rElec  .         Dismiss  .     (no cloak)
rCorr  .         Reflect  +     (no gloves)
SustAt +         Harm     .     v - +2 pair of boots
MR     .....                    f - +4 amulet of reflection
Stlth  +++.......               u - ring of sustain attributes
                                d - ring of stealth

@: not resistant to hostile enchantments, fairly stealthy
A: no striking features
a: no special abilities


You were on level 5 of the Dungeon.
You were not hungry.

You visited 1 branch of the dungeon, and saw 5 of its levels.

You collected 178 gold pieces.

Inventory:

Hand Weapons
 h - a +0 dagger
 r - a +3 whip (weapon)
Armour
 a - a +1 robe (worn)
 q - a +0 leather armour
 v - a +2 pair of boots (worn)
Jewellery
 d - a ring of stealth (left hand)
 f - a +4 amulet of reflection (around neck)
 g - an uncursed ring of ice
 u - a ring of sustain attributes (right hand)
Wands
 n - a wand of paralysis (11/24)
 w - a wand of lightning (9/15)
Scrolls
 p - 2 scrolls of remove curse
Potions
 e - 2 potions of agility
 o - 2 potions of curing
 s - a potion of brilliance
 t - 2 potions of ambrosia
Books
 b - a book of Flames

   Spells                             Type                      Level
   a - Flame Tongue                   Conjuration/Fire             1
   b - Throw Flame                    Conjuration/Fire             2
   c - Conjure Flame                  Conjuration/Fire             3
   d - Inner Flame                    Hexes/Fire                   3
   e - Sticky Flame                   Conjuration/Fire             4
   f - Fireball                       Conjuration/Fire             5
Comestibles
 c - 2 bread rations
 i - 2 fruits
 j - 2 meat rations
 k - a royal jelly
 m - 2 beef jerkies


   Skills:
 + Level 0.5 Fighting
 + Level 0.6 Short Blades
 + Level 0.5 Armour
 + Level 2.6 Dodging
 - Level 2.4 Stealth
 + Level 5.1 Spellcasting
 + Level 3.0 Conjurations
 * Level 6.2 Fire Magic
 + Level 0.4 Evocations


You had 2 spell levels left.
You knew the following spells:

 Your Spells              Type           Power        Failure   Level  Hunger
a - Flame Tongue          Conj/Fire      ####.        1%          1    None
b - Throw Flame           Conj/Fire      ####..       2%          2    None
c - Conjure Flame         Conj/Fire      ####....     6%          3    ##.....
d - Inner Flame           Hex/Fire       ###.....     12%         3    ##.....
e - Sticky Flame          Conj/Fire      ####....     17%         4    ####...


Dungeon Overview and Level Annotations

Branches:
Dungeon (5/15)
 Temple: D:4-7

Altars:
Cheibriados


Message History

You barely miss the centaur.
The centaur is heavily wounded.
You block the centaur's attack. The centaur hits you.
Casting: Inner Flame
Confirm with . or Enter, or press ? or * to list all spells.
Aiming: Flame Tongue
Press: ? - help, Shift-Dir - straight line, f/p - centaur
Aim: a centaur (heavily wounded, inner flame)
The flame tongue misses the centaur.
The centaur hits you. You block the centaur's attack.
Casting: Flame Tongue
Confirm with . or Enter, or press ? or * to list all spells.
Aiming: Flame Tongue
Press: ? - help, Shift-Dir - straight line, f/p - centaur
Aim: a centaur (heavily wounded, inner flame)
The flame tongue hits the centaur.
The centaur explodes!
The fiery explosion engulfs you!
Ouch! That really hurt!
You die...

#.# #.### #.#..
#.#.# ######.#.#
#......#.#
#......#§#
#......@§#
##.....####
.........#
###......########
...............>#
#########.#####.#
#^.# ##.## #..#


There were no monsters in sight!

Vanquished Creatures
  An ogre (D:4)
  An orc wizard (D:4)
  Ijyb (D:2)
  Natasha (thrice) (D:2)
  2 hound zombies (D:4)
  A hound skeleton (D:3)
  A worker ant zombie (D:3)
  5 adders
  An ooze (D:1)
  An adder skeleton (D:4)
  2 worms
  2 giant geckos
  3 orcs (D:4)
  9 bats
  4 giant cockroaches
  6 goblins
  9 hobgoblins
  3 jackals (D:2)
  9 kobolds
  3 quokkas
  5 giant newts
  13 rats
85 creatures vanquished.

Notes
Turn   | Place    | Note
--------------------------------------------------------------
     0 | D:1      | Kidiri the Deep Elf Fire Elementalist began the quest for the Orb.
     0 | D:1      | Reached XP level 1. HP: 10/10 MP: 6/6
   278 | D:1      | Reached XP level 2. HP: 15/15 MP: 6/8
   282 | D:1      | Learned a level 2 spell: Throw Flame
   323 | D:1      | Reached skill level 4 in Fire Magic
   745 | D:2      | Noticed Natasha
   749 | D:2      | Killed Natasha
   749 | D:2      | Reached XP level 3. HP: 19/19 MP: 5/10
   771 | D:2      | Learned a level 3 spell: Conjure Flame
   775 | D:2      | Learned a level 3 spell: Inner Flame
   776 | D:2      | Noticed Natasha
   777 | D:2      | Found a snail-covered altar of Cheibriados.
   784 | D:2      | Killed Natasha
   784 | D:2      | Reached XP level 4. HP: 19/24 MP: 2/12
   795 | D:2      | Noticed Natasha
   927 | D:2      | Killed Natasha
  1165 | D:2      | Reached skill level 5 in Fire Magic
  1393 | D:2      | Noticed Ijyb
  1404 | D:2      | Killed Ijyb
  1404 | D:2      | Reached XP level 5. HP: 28/28 MP: 7/13
  3076 | D:3      | Learned a level 4 spell: Sticky Flame
  3682 | D:4      | Reached XP level 6. HP: 22/32 MP: 0/15
  3926 | D:4      | Reached skill level 5 in Spellcasting
  4148 | D:4      | Reached skill level 6 in Fire Magic
  4560 | D:5      | Entered Level 5 of the Dungeon
  4604 | D:5      | Killed from afar by a centaur

Vault maps used:
D:1:      roderic_crossed_star, minmay_misc_feat_columns
D:2:      overflow_temple_1_default, first_bread, hangedman_glass_teeth,
          kennysheep_generic_room_5, uniq_iyjb, uniq_natasha
D:5:      bloody_trog, basic_altar

Skill      XL: |  1  2  3  4  5  6 |
---------------+-------------------+-----
Fire Magic     | 4 5 6 |  6.2
Spellcasting   | 4 5 |  5.1
Conjurations   | 2 3 |  3.0
Fighting       | |  0.5
Short Blades   | |  0.6
Armour         | |  0.5
Dodging        | |  2.6
Stealth        | |  2.4
Evocations     | |  0.4

Action                   |  1- 3 |  4- 6 || total
-------------------------+-------+-------++-------
Melee: Dagger            |     6 |    14 ||    20
       Whip              |       |    13 ||    13
 Cast: Flame Tongue      |    20 |    75 ||    95
       Throw Flame       |     9 |    42 ||    51
       Inner Flame       |       |     2 ||     2
       Conjure Flame     |       |     1 ||     1
  Use: Scroll            |       |     8 ||     8
 Stab: Sleeping          |     3 |     5 ||     8
  Eat: Chunk             |       |    12 ||    12
Armor: Robe              |       |     8 ||     8
Dodge: Dodged            |     2 |    21 ||    23
Block: Other             |     2 |    10 ||    12
